 Dungeon Crawl Stone Soup version 0.16-a0-223-g37887f7 (console) character file.

197 Kellhus the Ruinous (level 5, -7/38 HPs)
             Began as a Draconian Wizard on Aug 20, 2014.
             Killed by divine providence
             ... invoked by an orc priest
              (15 damage)
             ... on Level 3 of the Dungeon.
             The game lasted 00:05:09 (3086 turns).

Kellhus the Ruinous (Draconian Wizard)              Turns: 3086, Time: 00:05:09

HP  -7/38        AC  5     Str 10      XL: 5   Next: 46%
MP   0/11        EV 12     Int 19      God:
Gold 133         SH  0     Dex  9      Spells:  1 memorised,  9 levels left

rFire  . . .     SeeInvis .     j - +2 falchion (flame)
rCold  . . .     Clarity  .     (armour unavailable)
rNeg   . . .     rCorr    .     (no shield)
rPois  .         rRot     .     b - +0 hat
rElec  .         Spirit   .     (no cloak)
SustAb .         Warding  .     (no gloves)
rMut   +         Stasis   .     (no boots)
Gourm  .                        t - amulet of resist mutation
MR     .....                    (no ring)
                                (no ring)

@: not resistant to hostile enchantments, very unstealthy
A: unfitting armour, cold-blooded, AC +5
a: no special abilities


You were on level 3 of the Dungeon.
You were very hungry.

You visited 1 branch of the dungeon, and saw 3 of its levels.

You collected 133 gold pieces.

Inventory:

Hand weapons
 f - a +1 dagger of pain
 j - a +2 falchion of flaming (weapon)
 o - a +0 flail of crushing
Armour
 b - a +0 hat (worn)
Comestibles
 d - 3 bread rations
 l - 2 meat rations
 z - a beef jerky
Scrolls
 i - 4 scrolls of identify {unknown}
 k - 2 scrolls of magic mapping {unknown}
 m - 2 scrolls of enchant weapon {unknown}
 n - a scroll of amnesia {unknown}
 r - a scroll of immolation {unknown}
 s - 2 scrolls of remove curse
 u - 3 scrolls of noise {unknown}
 v - 2 scrolls of blinking {unknown}
 w - a scroll of random uselessness {unknown}
 x - a scroll of fear {unknown}
 y - a scroll of fog {unknown}
Jewellery
 a - a -4 ring of dexterity
 t - an amulet of resist mutation (around neck)
Potions
 e - a potion of agility {unknown}
 g - 2 potions of curing {unknown}
 h - a potion of cancellation {unknown}
 p - a potion of invisibility {unknown}
 q - a potion of mutation {unknown}
 A - 2 potions of brilliance {unknown}
Books
 c - a book of Minor Magic

   Spells                             Type                      Level
   *Magic Dart                        Conjuration                  1
   Blink                              Translocation                2
   Call Imp                           Summoning                    2
   Repel Missiles                     Charms/Air                   2
   Slow                               Hexes                        2
   Conjure Flame                      Conjuration/Fire             3
   Mephitic Cloud                     Conjuration/Poison/Air       3


   Skills:
 - Level 1.7 Dodging
 - Level 1.7 Stealth
 - Level 3.0 Spellcasting
 + Level 5.4 Conjurations
   Level 1.0 Summonings
   Level 1.0 Translocations


You had 9 spell levels left.
You knew the following spells:

 Your Spells              Type           Power        Failure   Level  Hunger
a - Magic Dart            Conj           ###.         1%          1    None


Dungeon Overview and Level Annotations

Branches:
Dungeon (3/15)

Altars:


Innate Abilities, Weirdness & Mutations

Your plain brown scales are hard (AC +5).
Your body does not fit into most forms of armour.
Your cold-blooded metabolism reacts poorly to cold.


Message History

Aim: an orc priest, wielding a long sword and wearing a ring mail (lightly wounded)
The magic dart hits the orc priest.
The orc priest is lightly wounded.
Casting: Magic Dart
Confirm with . or Enter, or press ? or * to list all spells.
Aiming: Magic Dart
Press: ? - help, Shift-Dir - straight line, f/p - orc priest
Aim: an orc priest, wielding a long sword and wearing a ring mail (lightly wounded)
The magic dart hits the orc priest.
The orc priest is lightly wounded.
Casting: Magic Dart
Confirm with . or Enter, or press ? or * to list all spells.
Aiming: Magic Dart
Press: ? - help, Shift-Dir - straight line, f/p - orc priest
Aim: an orc priest, wielding a long sword and wearing a ring mail (lightly wounded)
The magic dart hits the orc priest.
The orc priest is lightly wounded.
The orc priest invokes the aid of Beogh against you.
Something smites you!
You die...

#####....#..........
#..................
#...........#######
# #...........# ..
#...........# ..
#...........# ..
#...........### .
#.............#
#.......@.....#
#######.o.....#
#.......# #.......#
#.......# #.......#
#....... #...... ...


You could see an orc priest.

Vanquished Creatures
  An orc priest (D:3)
  2 orc wizards (D:3)
  3 adders
  A worm (D:2)
  An ooze (D:1)
  13 orcs (D:3)
  A ball python (D:1)
  A giant cockroach (D:1)
  10 goblins
  5 hobgoblins
  2 quokkas
  9 bats
  2 giant geckos
  5 giant newts
  8 kobolds
  6 rats
70 creatures vanquished.

Notes
Turn   | Place    | Note
--------------------------------------------------------------
     0 | D:1      | Kellhus, the Draconian Wizard, began the quest for the Orb.
     0 | D:1      | Reached XP level 1. HP: 14/14 MP: 4/4
   517 | D:1      | Reached XP level 2. HP: 20/20 MP: 0/6
  1487 | D:1      | Reached XP level 3. HP: 26/26 MP: 3/7
  2187 | D:3      | Reached XP level 4. HP: 31/33 MP: 5/9
  2225 | D:3      | Reached skill level 4 in Conjurations
  2469 | D:3      | Reached XP level 5. HP: 25/38 MP: 1/11
  2849 | D:3      | Reached skill level 5 in Conjurations
  3086 | D:3      | Killed from afar by an orc priest

Action                   |  1- 3 |  4- 6 || total
-------------------------+-------+-------++-------
Melee: Unarmed           |    10 |       ||    10
       Dagger            |    10 |       ||    10
       Falchion          |     8 |    12 ||    20
 Cast: Magic Dart        |   113 |    58 ||   171
  Use: Scroll            |     1 |       ||     1
  Eat: Chunk             |     3 |     2 ||     5
